 Dungeon Crawl Stone Soup version 0.21-a0-238-geb0acef (webtiles) character file.

81 Wulfgar the Ruffian (level 4, 0/35 HPs)
             Began as a Draconian Transmuter on Sept 2, 2017.
             Slain by a gnoll
             ... wielding a +0 halberd
              (10 damage)
             ... on level 3 of the Dungeon on Sept 3, 2017.
             The game lasted 00:11:01 (2950 turns).

Wulfgar the Ruffian (Draconian Transmuter)          Turns: 2950, Time: 00:11:03

Health: 0/35       AC:  6    Str: 13    XL:     4   Next: 19%
Magic:  7/8        EV: 12    Int: 13    God:
Gold:   86         SH:  0    Dex: 12    Spells: 3/9 levels left

rFire    . . .     SeeInvis .     - Unarmed
rCold    . . .     Gourm    .   (no shield)
rNeg     . . .     Faith    .   (armour unavailable)
rPois    .         Spirit   .   (helmet restricted)
rElec    .         Reflect  .   (no cloak)
rCorr    .         Harm     .   d - +0 pair of gloves
MR       .....                  (no boots)
Stlth    +.........             (no amulet)
HPRegen  0.11/turn              (no ring)
MPRegen  0.11/turn              (no ring)

@: appendage (expiring)
A: unfitting armour, horns 2, cold-blooded, AC +5
a: End Transformation


You were on level 3 of the Dungeon.
You were not hungry.
You had grown temporary horns.
You visited 1 branch of the dungeon, and saw 3 of its levels.

You collected 86 gold pieces.

Inventory:

Missiles
 a - 36 arrows
Armour
 d - a +0 pair of gloves (worn)
Scrolls
 j - a scroll of remove curse {unknown}
 k - a scroll of identify {unknown}
 m - a scroll of teleportation {unknown}
Potions
 e - a potion of lignification {unknown}
 f - 2 potions of degeneration {unknown}
 g - a potion of mutation {unknown}
 h - a potion of curing {unknown}
 i - a potion of brilliance {unknown}
 o - a potion of heal wounds {unknown}
Books
 b - a book of Changes

   Spells                             Type                      Level
   a - Beastly Appendage              Transmutation                1
   b - Sticks to Snakes               Transmutation                2
   c - Spider Form                    Transmutation/Poison         3
   d - Ice Form                       Ice/Transmutation            4
   e - Blade Hands                    Transmutation                5
Comestibles
 c - a bread ration
 l - a chunk of flesh
 n - a fruit


   Skills:
 - Level 1.1 Fighting
 - Level 1.7 Dodging
 + Level 0.4 Stealth
 + Level 3.7 Unarmed Combat
 * Level 3.0 Spellcasting
 * Level 2.8 Transmutations


You had 3 spell levels left.
You knew the following spells:

 Your Spells              Type           Power        Failure   Level  Hunger
a - Beastly Appendage     Tmut           #.....       7%          1    #......
b - Sticks to Snakes      Tmut           #.......     11%         2    ###....
c - Spider Form           Tmut/Pois      #.........   36%         3    ###....


Dungeon Overview and Level Annotations

Branches:
Dungeon (3/15)

Altars:


Innate Abilities, Weirdness & Mutations

Your plain brown scales are hard. (AC +5)
You cannot fit into any form of body armour.
You are cold-blooded and may be slowed by cold attacks.
You have a pair of horns on your head.


Message History

You are too injured to fight recklessly!
You are too injured to fight recklessly!
You are too injured to fight recklessly!
You are too injured to fight recklessly!
You are too injured to fight recklessly!
You are too injured to fight recklessly!
You are too injured to fight recklessly!
You are too injured to fight recklessly!
Unknown command.
You are too injured to fight recklessly!
You closely miss the gnoll. You headbutt the gnoll.
Your tail-slap misses the gnoll.
The gnoll is moderately wounded.
The gnoll hits you with a club!
* * * LOW HITPOINT WARNING * * *
You hit the gnoll.
You tail-slap the gnoll, but do no damage.
The gnoll is moderately wounded.
The gnoll hits you from afar with a halberd!
You die...

# #.....##..##
#.###........##
.. #......(..##.#
###.#
#.........##.###
....#
#.####.......#.#
....# #
##........#
##.... #.#.##...#
#...
...#.##...####.#
###.#.##@ggg....#
..#......###..#
..........#
#.....
..........#
#..#....
....###..##
#..#..... ....
#..# #..# ....
... .... #..#
.... .. [....
#..# ... ......


You could see 3 gnolls.

Vanquished Creatures
  An adder (D:2)
  A worm (D:2)
  6 dart slugs
  2 bats (D:1)
  A giant cockroach (D:1)
  13 goblins
  7 hobgoblins
  5 jackals
  3 kobolds
  A quokka (D:2)
  3 frilled lizards
  5 rats
48 creatures vanquished.

Vanquished Creatures (collateral kills)
  An adder (D:3)
1 creature vanquished.

Grand Total: 49 creatures vanquished

Notes
Turn   | Place    | Note
-------+----------+-------------------------------------------
     0 | D:1      | Wulfgar the Draconian Transmuter began the quest for the Orb.
     0 | D:1      | Reached XP level 1. HP: 16/16 MP: 3/3
   148 | D:1      | Reached XP level 2. HP: 12/23 MP: 3/5
   874 | D:1      | Reached XP level 3. HP: 13/28 MP: 4/6
  1344 | D:1      | Learned a level 2 spell: Sticks to Snakes
  1348 | D:1      | Learned a level 3 spell: Spider Form
  2339 | D:2      | Reached XP level 4. HP: 18/35 MP: 1/8
  2950 | D:3      | Slain by a gnoll

Vault maps used:
D:1:      dpeg_arrival_leaves_temple_mockup
D:2:      good_gods_temple_1

Skill      XL: |  1  2  3  4 |
---------------+-------------+-----
Spellcasting   | 3 |  3.0
Fighting       | |  1.1
Dodging        | |  1.7
Stealth        | |  0.4
Unarmed Combat | |  3.7
Transmutations | |  2.8

Action                   |  1- 3 |  4- 6 || total
-------------------------+-------+-------++-------
Melee: Unarmed           |   125 |    19 ||   144
       Tailslap          |    16 |     4 ||    20
       Kick              |     5 |       ||     5
       Headbutt          |     6 |     1 ||     7
 Cast: Beastly Appendage |    25 |     5 ||    30
       Sticks to Snakes  |     3 |     1 ||     4
  Eat: Chunk             |     3 |       ||     3
       Bread ration      |     1 |       ||     1
Armor: Skin              |    47 |     6 ||    53
Dodge: Dodged            |    84 |     6 ||    90

Table legend:
 A = Spawn XP
 B = Non-spawn XP
 C = Spawn XP percentage of total XP
 D = Spawn monster count
 E = Non-spawn monster count
 F = Spawn count percentage of total count
 G = Total turns spent on level
                    A         B        C        D         E        F      G
               +---------+---------+-------+---------+---------+-------+---------
         Total |      22 |      94 |  19.0 |       9 |      40 |  18.4 |  2950
               +---------+---------+-------+---------+---------+-------+---------
           D:1 |      11 |      38 |  22.4 |       5 |      18 |  21.7 |  1447
           D:2 |      11 |      45 |  19.6 |       4 |      18 |  18.2 |  1377
           D:3 |       0 |      11 |   0.0 |       0 |       4 |   0.0 |   126
               +---------+---------+-------+---------+---------+-------+---------
